 Dungeon Crawl Stone Soup version 0.28-a0-46-g7b1be97da7 (webtiles) character file.

Game seed: 9197597355953265241

872 Gwenloh the Chopper (level 8, -11/69 HPs)
             Began as a Hill Orc Fighter on July 29, 2021.
             Was a Follower of Beogh.
             Mangled by Duvessa (13 damage)
             ... on level 5 of the Dungeon on July 30, 2021.
             The game lasted 00:23:09 (5813 turns).

Gwenloh the Chopper (Hill Orc Fighter)              Turns: 5813, Time: 00:23:10

Health: -11/69     AC:  7    Str: 19    XL:     8   Next: 4%
Magic:  10/10      EV:  9    Int:  8    God:    Beogh [*.....]
Gold:   104        SH:  5    Dex: 12    Spells: 7/7 levels left

rFire   . . .      SeeInvis .   a - +1 broad axe (vorpal)
rCold   . . .      Faith    .   l - +0 buckler
rNeg    . . .      Spirit   .   p - +0 scale mail
rPois   +          Reflect  .   (no helmet)
rElec   .          Harm     .   (no cloak)
rCorr   +          Rampage  .   (no gloves)
Will    .....                   (no boots)
Stlth   ..........              (no amulet)
HPRegen 0.21/turn               o - ring of resist corrosion
MPRegen 0.12/turn               w - ring of poison resistance

@: no status effects
A: no striking features
a: Renounce Religion


You were on level 5 of the Dungeon.
You worshipped Beogh.
Beogh was aware of your devotion.
You visited 1 branch of the dungeon, and saw 5 of its levels.

You collected 104 gold pieces.

Inventory:

Hand Weapons
 a - a +1 vorpal broad axe (weapon)
 b - a +1 vorpal hunting sling
 m - a +0 war axe
 y - the +6 flail "Sicwuos" {flame, Fly Str+9 Dex-3 Stlth-}
   (You found it on level 5 of the Dungeon)

   It burns those it strikes, dealing additional fire damage.
   Str:       It affects your strength (+9).
   Dex:       It affects your dexterity (-3).
   Fly:       It grants you flight.
   Stlth:     It makes you less stealthy.
Missiles
 e - 203 stones (quivered)
 j - 47 sling bullets
 k - a throwing net
 v - 7 poisoned darts
Armour
 c - a +0 kite shield
 l - a +0 buckler (worn)
 p - a +0 scale mail (worn)
Jewellery
 o - a ring of resist corrosion (left hand)
 w - a ring of poison resistance (right hand)
Wands
 u - a wand of iceblast (8)
Scrolls
 f - 5 scrolls of identify {unknown}
 i - 2 scrolls of noise {unknown}
 q - 3 scrolls of amnesia {unknown}
 r - 3 scrolls of enchant armour {unknown}
 s - a scroll of magic mapping {unknown}
 t - a scroll of enchant weapon {unknown}
Potions
 d - a potion of might
 g - 3 potions of curing
 h - a potion of brilliance {unknown}
 n - a potion of attraction {unknown}
 x - a potion of cancellation {unknown}


   Skills:
 + Level 5.6 Fighting
 * Level 7.3 Axes
 + Level 5.2 Armour
 + Level 5.1 Shields
 + Level 3.7 Invocations


You had 7 spell levels left.
You didn't know any spells.
Your spell library contained the following spells:

 Spells                   Type           Power      Damage    Failure   Level
 Apportation              Tloc           0%         N/A       77%         1
 Animate Dead             Necr           0%         N/A       100%        4
 Alistair's Intoxication  Tmut/Pois      0%         N/A       100%        5
 Borgnjor's Vile Clutch   Necr/Erth      0%         N/A       100%        5
 Death Channel            Necr           0%         N/A       100%        6
 Invisibility             Hex            0%         N/A       100%        6


Dungeon Overview and Level Annotations

Branches:
Dungeon (5/15)
 Temple: D:4-7

Altars:
Nemelex Xobeh
Qazlal

Shops:
D:1 *   D:5 (

Annotations:
D:2 Sigmund
D:3 3 runed translucent doors, sn0wgr3's ghost, amateur GrFi
D:5 Duvessa


Message History

You shoot a stone.
The stone hits Duvessa but does no damage.
Duvessa goes berserk!
You hear a shout!
a - a +1 vorpal broad axe (weapon)
You hit Duvessa.
Duvessa is lightly wounded.
You block Duvessa's attack. Duvessa hits you with a +0 short sword.
You hit Duvessa but do no damage.
Duvessa is lightly wounded.
Duvessa hits you with a +0 short sword! Duvessa barely misses you.
You slash Duvessa!
Duvessa is moderately wounded.
You block Duvessa's attack. Duvessa hits you with a +0 short sword!
You are too injured to fight recklessly!
You closely miss Duvessa.
Duvessa is moderately wounded.
You block Duvessa's attack. The scorpion zombie hits you.
Duvessa barely misses you.
You slash Duvessa!
Duvessa is heavily wounded.
You slash the scorpion zombie! You block Duvessa's attack.
The scorpion zombie hits you but does no damage.
You slash Duvessa!
Duvessa is heavily wounded.
You hit the scorpion zombie. Duvessa hits you with a +0 short sword.
You block Duvessa's attack.
The scorpion zombie hits you but does no damage.
You hit Duvessa.
Duvessa is heavily wounded.
You slash the scorpion zombie! Duvessa hits you with a +0 short sword.
The scorpion zombie hits you. Duvessa hits you with a +0 short sword!
* * * LOW HITPOINT WARNING * * *
You hit Duvessa but do no damage.
Duvessa is heavily wounded.
You barely miss the scorpion zombie. Duvessa hits you with a +0 short sword!
* * * LOW HITPOINT WARNING * * *
The scorpion zombie hits you but does no damage.
Duvessa hits you with a +0 short sword!
You die...

.# #.......###.### .# #
#.......#.....# .#
#.######.#.#..⌠..#.
.######.#### #.#...⌠⌠⌠..8.
..#........###.#.#..⌠..#..
..#.............[#.....#
.................###.###
.#)##...#.......Z.(.(..#
.#.##...#.......@e###..#
.#.##...#.........# ....
.#.##...#...†.....# .#.
.#..#...#.............
.##.###.#..............
...............###.....
####.##.######## ....(
####.##.#### .....
...........# ....


You could see Duvessa (berserk) and a scorpion zombie.

Vanquished Creatures
  Eustachio (D:4)
  Menkaure (D:4)
  A black bear (D:4)
  A centaur (D:5)
  A bullfrog (D:4)
  A scorpion (D:4)
  Dowan (D:5)
  A jelly (D:5)
  An iguana (D:4)
  2 orc wizards
  6 adders
  2 white imps (D:5)
  An adder skeleton (D:4)
  5 dart slugs
  3 orcs (D:3)
  5 ball pythons
  3 bats
  4 endoplasms
  12 goblins
  7 hobgoblins
  8 jackals (D:1)
  6 quokkas
  4 frilled lizards
  8 kobolds
  6 rats (D:1)
91 creatures vanquished.

Vanquished Creatures (others)
  A goblin (D:3)
1 creature vanquished.

Grand Total: 92 creatures vanquished

Notes
Turn   | Place    | Note
-------+----------+-------------------------------------------
     0 | D:1      | Gwenloh the Hill Orc Fighter began the quest for the Orb.
     0 | D:1      | Reached XP level 1. HP: 19/19 MP: 1/1
    77 | D:1      | Reached skill level 3 in Axes
   140 | D:1      | Reached XP level 2. HP: 15/27 MP: 2/2
   641 | D:1      | Reached XP level 3. HP: 29/33 MP: 3/3
   762 | D:1      | Found Ylyv's Assorted Antiques.
  1502 | D:2      | Found a faded altar of an unknown god.
  1690 | D:2      | Reached skill level 4 in Axes
  1690 | D:2      | Reached XP level 4. HP: 28/40 MP: 4/4
  2527 | D:2      | Noticed Sigmund
  2992 | D:3      | Became a worshipper of Beogh the Brigand
  3358 | D:3      | Reached XP level 5. HP: 43/47 MP: 5/5
  3507 | D:3      | Found a runed translucent gate.
  3507 | D:3      | Found a runed translucent gate.
  3507 | D:3      | Found a runed translucent gate.
  3539 | D:3      | Noticed sn0wgr3's ghost (amateur GrFi)
  3749 | D:3      | Found a sparkling altar of Nemelex Xobeh.
  3931 | D:4      | Reached skill level 5 in Axes
  3931 | D:4      | Reached skill level 1 in Invocations
  3939 | D:4      | Noticed Menkaure
  4188 | D:4      | Killed Menkaure
  4189 | D:4      | Reached XP level 6. HP: 41/53 MP: 5/7
  4462 | D:4      | Reached * piety under Beogh
  4563 | D:4      | Noticed Eustachio
  4568 | D:4      | Killed Eustachio
  4569 | D:4      | Reached skill level 5 in Fighting
  4569 | D:4      | Reached skill level 6 in Axes
  4569 | D:4      | Reached XP level 7. HP: 49/61 MP: 7/9
  5103 | D:4      | Found a stormy altar of Qazlal.
  5293 | D:5      | Entered Level 5 of the Dungeon
  5296 | D:5      | Reached skill level 5 in Armour
  5392 | D:5      | Reached skill level 7 in Axes
  5392 | D:5      | Reached skill level 5 in Shields
  5409 | D:5      | Noticed Dowan
  5540 | D:5      | Killed Dowan
  5610 | D:5      | Identified the +6 flail "Sicwuos" {flame, Fly Str+9 Dex-3
                  | Stlth-}
  5682 | D:5      | Found Qosiz's Weapon Shoppe.
  5776 | D:5      | Reached XP level 8. HP: 69/69 MP: 10/10
  5803 | D:5      | Noticed Duvessa
  5813 | D:5      | HP: 2/69 [Duvessa (7)]
  5813 | D:5      | Mangled by Duvessa

Illustrated notes

Levels and vault maps discovered:
D:1:      dpeg_arrival_shrine, layout_rooms, serial_shops, shop,
          minmay_hedge_maze, amcnicky_mini_corridor_feature, minmay_vboxes
D:2:      layout_basic, hellmonk_ecumenical_altar_zigzags, uniq_sigmund
D:3:      layout_loops_ring, lemuel_round_altar, gammafunk_ghost_icy
D:4:      layout_loops_corners, grunt_qazlal_clouds, uniq_menkaure,
          uniq_eustachio
D:5:      layout_basic, serial_shops, nicolae_lakefront_shop,
          grunt_ministairs_5, chequers_serial_rivers_micro_e,
          minmay_chambers_of_fives, uniq_duvessa, uniq_pikel

Skill      XL: |  1  2  3  4  5  6  7 |
---------------+----------------------+-----
Axes           | 3 4 5 6 7 |  7.3
Fighting       | 4 5 |  5.6
Armour         | 4 5 |  5.2
Shields        | 4 5 |  5.1
Invocations    | 1 2 3 |  3.7

Action                   |  1- 3 |  4- 6 |  7- 9 || total
-------------------------+-------+-------+-------++-------
Melee: War axe           |   175 |    48 |       ||   223
       Broad axe         |       |    47 |    38 ||    85
 Fire: Hunting sling     |       |    17 |    29 ||    46
Throw: Stone             |     9 |    15 |       ||    24
       Throwing net      |       |     1 |       ||     1
Invok: Convert to Beogh  |       |     1 |       ||     1
  Use: Potion            |     1 |       |       ||     1
Armor: Scale mail        |    53 |    41 |    17 ||   111
Dodge: Dodged            |    38 |    37 |    12 ||    87
Block: Kite shield       |    61 |    19 |       ||    80
       Buckler           |       |    19 |    14 ||    33

Table legend: (Time is in decaauts)
 A = Elapsed time spent in this place.
 B = Non-inter-level travel time spent in this place.
 C = Inter-level travel time spent in this place.
 D = Time resting spent in this place.
 E = Time spent auto-exploring this place.
 F = Levels seen in this place.
 G = Mean time per level.
                   A        B        C        D        E       F      G
               +--------+--------+--------+--------+--------+-----+--------+
         Total |   5959 |   5796 |    163 |    400 |   4172 |   5 | 1191.8 |
       Dungeon |   5959 |   5796 |    163 |    400 |   4172 |   5 | 1191.8 |
               +--------+--------+--------+--------+--------+-----+--------+

Top non-repeatable levels by time:
     D:2: 1692 daAuts
     D:1: 1423 daAuts
     D:4: 1248 daAuts
     D:3: 1172 daAuts
     D:5: 422 daAuts
